 Dungeon Crawl Stone Soup version 0.17-a0-1954-g0dddeaa (webtiles) character file.

2900 Kangaxx the Magician (level 9, -6/67 HPs)
             Began as a Deep Elf Wizard on Oct 4, 2015.
             Mangled by an orc warrior
             ... wielding a +0 trident
              (9 damage)
             ... on level 8 of the Dungeon.
             The game lasted 00:37:55 (9748 turns).

Kangaxx the Magician (Deep Elf Wizard)              Turns: 9748, Time: 00:37:55

Health: -6/67      AC: 24    Str:  4    XL:     9   Next: 49%
Magic:  1/21       EV:  2    Int: 27    God:
Gold:   290        SH:  0    Dex: 13    Spells: 5 memorised, 11 levels left

rFire  + . .     SeeInvis .     F - +8 demon blade "Bloodbane" {slice, *Rage +Rage Stlth-}
rCold  . . .     Rnd*Rage +     (armour currently unavailable)
rNeg   + + +     SustAt   .     (no shield)
rPois  +         Gourm    .     (helmet currently unavailable)
rElec  .         Spirit   .     (cloak currently unavailable)
rCorr  .         Warding  .     (gloves currently unavailable)
rMut   .         NoTele   +     (boots currently unavailable)
MR     .....                    (no amulet)
Stlth  +++.......               (no ring)
                                r - ring of protection from fire

@: tree-form, not resistant to hostile enchantments, fairly stealthy
A: no striking features
a: Evoke Berserk Rage


You were on level 8 of the Dungeon.
You were very hungry.
You were a tree.
You visited 1 branch of the dungeon, and saw 8 of its levels.

You collected 380 gold pieces.
You spent 90 gold pieces at shops.

Inventory:

Hand weapons
 h - a +1 long sword of slicing
 t - a +2 halberd of pain
 y - a +0 long sword of protection
 F - the +8 demon blade "Bloodbane" (weapon) {slice, *Rage +Rage Stlth-}
   (You found it on level 6 of the Dungeon)

   It inflicts extra damage upon your enemies.
   It lets you go berserk.
   It may make you go berserk in combat.
   It makes you less stealthy.
Missiles
 C - 7 curare-tipped needles
Armour
 a - a +0 robe (melded)
 b - a +1 hat (melded)
 i - a +0 buckler
Jewellery
 r - a ring of protection from fire (left branch)
Magical devices
 o - a wand of fireball (6)
Scrolls
 e - 4 scrolls of teleportation
 g - 3 scrolls of identify
 j - a scroll of magic mapping
 q - 3 scrolls of remove curse
 s - a scroll of vulnerability {unknown}
 A - a scroll of fear
Potions
 f - a potion of berserk rage {unknown}
 k - a potion of brilliance
 n - a potion of cancellation {unknown}
 p - a potion of mutation
 u - a potion of heal wounds {unknown}
 w - a potion of degeneration {unknown}
 x - 3 potions of curing
 B - a potion of might {unknown}
Books
 c - a book of Minor Magic

   Spells                             Type                      Level
   a - Magic Dart                     Conjuration                  1
   b - Blink                          Translocation                2
   c - Call Imp                       Summoning                    2
   d - Repel Missiles                 Charms/Air                   2
   e - Slow                           Hexes                        2
   f - Conjure Flame                  Conjuration/Fire             3
   g - Mephitic Cloud                 Conjuration/Poison/Air       3
Comestibles
 d - 7 bread rations
 l - 2 slices of pizza
 m - 3 beef jerkies
 v - 2 meat rations


   Skills:
 + Level 5.9 Dodging
 + Level 5.7 Stealth
 + Level 7.1 Spellcasting
 * Level 6.5 Conjurations
 + Level 5.5 Charms
   Level 1.1 Summonings
 + Level 4.3 Translocations
 + Level 3.9 Fire Magic
 + Level 4.0 Air Magic
 + Level 3.9 Poison Magic
 + Level 1.4 Evocations


You had 11 spell levels left.
You knew the following spells:

 Your Spells              Type           Power        Failure   Level  Hunger
a - Magic Dart            Conj           ####         1%          1    None
b - Blink                 Tloc           N/A          1%          2    None
c - Repel Missiles        Chrm/Air       #####.       1%          2    None
e - Conjure Flame         Conj/Fire      #####...     1%          3    None
h - Mephitic Cloud        Conj/Pois/Air  #####...     2%          3    None


Dungeon Overview and Level Annotations

Branches:
Dungeon (8/15)             Temple (0/1) D:4
   Lair: D:8-11

Altars:
Dithmenos
Elyvilon
Sif Muna
Zin

Shops:
D:5 (


Message History

The quasit bites you but does no damage.
The quasit claws you but does no damage. x2
You closely miss the quasit.
The quasit is heavily wounded.
The quasit bites you but does no damage.
The quasit claws you.
* * * LOW HITPOINT WARNING * * *
The quasit claws you but does no damage.
Unknown command.
You miss the quasit.
The quasit is heavily wounded.
The quasit barely misses you.
The quasit claws you but does no damage. x2
The quasit bites you but does no damage.
The quasit claws you but does no damage. x2
The orc warrior hits you but does no damage.
You slash the quasit!
You kill the quasit!
The orc warrior hits you from afar with a trident!
You die...

#.# #....._..# #.#
#.# #.#......# #.#
#.# #.#......# ##.#
#.#...#### #..#
#.##### #.## #.# #.#
#.###########.#
#####.##...#.((.#.#
.)o...)..#......♣.#
######..###.....#.#
##.#⌠_..∩o.#.#######
#.###()(..§.......#
#.(#..c..##.#####.#
##...#..###.#
##.##.## #.#
#(....###.#
####...##.#


You could see an orc warrior and a centaur (confused).

Vanquished Creatures
  Prince Ribbit (D:5)
  Edmund (D:5)
  Duvessa (D:4)
  An orc warrior (D:3)
  An ice beast (D:6)
  2 sky beasts
  2 phantoms
  A centaur (D:8)
  A necrophage (D:7)
  2 ogres
  A giant frog (D:7)
  3 scorpions
  Dowan (D:4)
  5 crimson imps
  9 hounds
  3 orc priests
  A quasit (D:8)
  2 jellies
  Ijyb (D:2)
  8 worker ants
  Terence (D:2)
  An iguana (D:5)
  5 orc wizards
  Robin (D:2)
  7 adders
  3 gnolls (D:7)
  2 shadow imps
  3 oozes
  5 worms
  A giant gecko (D:7)
  18 orcs
  17 goblins
  13 hobgoblins
  24 jackals
  5 quokkas
  2 ball pythons
  6 bats
  12 giant cockroaches
  5 giant newts
  13 kobolds
  A quokka skeleton (D:4)
  3 rats (D:1)
195 creatures vanquished.

Notes
Turn   | Place    | Note
--------------------------------------------------------------
     0 | D:1      | Kangaxx the Deep Elf Wizard began the quest for the Orb.
     0 | D:1      | Reached XP level 1. HP: 10/10 MP: 7/7
   320 | D:1      | Reached XP level 2. HP: 15/15 MP: 0/9
  1176 | D:1      | Reached XP level 3. HP: 19/19 MP: 8/11
  1792 | D:1      | Learned a level 2 spell: Blink
  1795 | D:1      | Learned a level 2 spell: Repel Missiles
  1799 | D:1      | Learned a level 3 spell: Mephitic Cloud
  1803 | D:1      | Learned a level 3 spell: Conjure Flame
  2366 | D:2      | Noticed Robin
  2373 | D:2      | Killed Robin
  2416 | D:2      | Reached XP level 4. HP: 24/24 MP: 0/12
  2744 | D:2      | Noticed Ijyb
  2757 | D:2      | Killed Ijyb
  2871 | D:2      | Reached skill level 1 in Fire Magic
  2888 | D:2      | Noticed Terence
  2897 | D:2      | Killed Terence
  2897 | D:2      | Reached skill level 5 in Spellcasting
  3013 | D:2      | Reached XP level 5. HP: 28/28 MP: 11/14
  3162 | D:3      | Noticed a sky beast
  3298 | D:3      | Reached skill level 1 in Air Magic
  3324 | D:3      | Reached skill level 1 in Charms
  3790 | D:3      | HP: 1/28 [orc priest/divine providence (13)]
  3795 | D:3      | Reached skill level 1 in Poison Magic
  4277 | D:3      | Noticed an orc warrior
  4353 | D:3      | Killed an orc warrior
  4353 | D:3      | Reached XP level 6. HP: 32/32 MP: 0/16
  4786 | D:4      | Noticed Dowan
  4790 | D:4      | Noticed Duvessa
  5100 | D:4      | Killed Dowan
  5602 | D:4      | Reached XP level 7. HP: 20/36 MP: 6/17
  5889 | D:4      | Found a staircase to the Ecumenical Temple.
  5932 | D:4      | Killed Duvessa
  6196 | D:5      | Entered Level 5 of the Dungeon
  6476 | D:5      | Reached skill level 6 in Spellcasting
  6641 | D:5      | Noticed Prince Ribbit
  6671 | D:5      | Killed Prince Ribbit
  6671 | D:5      | Reached XP level 8. HP: 41/41 MP: 2/19
  6905 | D:5      | Reached skill level 5 in Conjurations
  7188 | D:5      | Noticed Edmund
  7202 | D:5      | Killed Edmund
  7202 | D:5      | Reached skill level 5 in Dodging
  7318 | D:5      | Found Muampe's Weapon Boutique.
  7799 | D:6      | Killed a sky beast
  7799 | D:6      | Reached skill level 5 in Stealth
  8504 | D:7      | Reached skill level 5 in Charms
  8504 | D:7      | Reached XP level 9. HP: 45/45 MP: 0/21
  9250 | D:7      | Found a white marble altar of Elyvilon.
  9355 | D:7      | Found a shadowy altar of Dithmenos.
  9402 | D:7      | Reached skill level 7 in Spellcasting
  9569 | D:7      | Reached skill level 1 in Evocations
  9609 | D:8      | Found a deep blue altar of Sif Muna.
  9642 | D:8      | Found Zin's Purification Station.
  9642 | D:8      | Found a glowing silver altar of Zin.
  9654 | D:8      | Bought a potion of curing for 90 gold pieces
  9736 | D:8      | HP: 1/45 [centaur/arrow of frost (7)]
  9746 | D:8      | HP: 3/67 [quasit (1)]
  9748 | D:8      | Mangled by an orc warrior

Vault maps used:
D:1:      dpeg_arrival_solitude, minmay_misc_feat_cross
D:2:      uniq_iyjb, uniq_robin, uniq_terence
D:4:      minmay_temple_entry_statues_pillars, uniq_duvessa
D:5:      serial_shops, shop, first_bread, uniq_prince_ribbit1, uniq_edmund
D:6:      minmay_misc_feat_plants
D:7:      nicolae_dithmenos_through_a_glass_darkly, elyvilon_altar_5
D:8:      lemuel_coloured_pillars_altar, zin_purify, basic_altar

Action                   |  1- 3 |  4- 6 |  7- 9 || total
-------------------------+-------+-------+-------++-------
Melee: Unarmed           |     6 |       |       ||     6
       Dagger            |       |    16 |       ||    16
       Whip              |       |     5 |     1 ||     6
       Long sword        |       |       |    16 ||    16
       Demon blade       |       |       |    14 ||    14
       Halberd           |       |       |     5 ||     5
 Cast: Magic Dart        |   130 |   221 |   308 ||   659
       Conjure Flame     |     2 |     9 |    19 ||    30
       Mephitic Cloud    |       |    13 |    16 ||    29
       Blink             |       |       |    11 ||    11
       Repel Missiles    |       |       |     1 ||     1
Evoke: Wand              |       |       |     2 ||     2
  Use: Potion            |       |     3 |     1 ||     4
       Scroll            |       |       |     9 ||     9
 Stab: Confused          |       |     1 |     1 ||     2
  Eat: Chunk             |     2 |    10 |    13 ||    25
       Beef jerky        |     1 |       |       ||     1
